Map: Dusk Towers

Players

GhOsT - Winner!

  • Race: Protoss Protoss
  • League: Bronze

Miltreta

  • Race: Terran Terran
  • League: Bronze

VOD

Have the link to the VOD?

Description

Time

  • Played on: March 16, 2016, 11:21 p.m.
  • Length: 23:23
Show
View Real Time Build Order
Export as new Build Order

GhOsT Protoss - Winner!

Build Orders: Dark Templar Rush 

Get SALT Encoding   

  12  0:08  Probe (Chrono Boost)  
  13  0:19  Probe (Chrono Boost)  
  13  0:21  Assimilator  
  14  0:28  Assimilator  
  14  0:29  Probe (Chrono Boost)  
  15  0:40  Pylon  
  15  0:59  Probe (Chrono Boost)  
  16  1:09  Probe (Chrono Boost)  
  17  1:16  Gateway  
  17  1:20  Probe (Chrono Boost)  
  18  1:30  Probe (Chrono Boost)  
  19  1:41  Probe (Chrono Boost), Gateway  
  20  1:51  Probe (Chrono Boost)  
  21  2:02  Probe (Chrono Boost)  
  21  2:05  Cybernetics Core  
  22  2:12  Probe (Chrono Boost)  
  23  2:26  Pylon  
  23  2:35  Gateway  
  23  2:42  Twilight Council  
  24  2:44  Warp Gate (Chrono Boost), Probe (Chrono Boost)  
  24  3:17  Probe, Pylon  
  25  3:29  Probe  
  26  3:37  Dark Shrine  
  26  3:42  Forge  
  26  3:49  Nexus  
  26  4:11  Pylon  
  26  4:16  Protoss Ground Weapons Level 1 (Chrono Boost)  
  26  4:50  Dark Templar  
  26  4:51  Dark Templar x2  
  32  5:10  Probe  
  33  5:16  Probe  
  33  5:21  Probe  
  34  5:24  Dark Templar x2  
  34  5:25  Dark Templar  
  34  5:28  Probe  
  42  5:31  Probe  
  43  5:40  Probe  
  43  5:42  Probe  
  44  5:44  Assimilator  
  44  5:49  Assimilator  
  45  5:52  Probe x2  
  47  5:58  Protoss Shields Level 1 (Chrono Boost)  
  47  6:03  Probe  
  47  6:04  Probe  
  49  6:13  Probe  
  49  6:16  Probe  
  51  6:24  Probe  
  51  6:28  Probe  
  47  6:41  Probe  
  42  7:26  Dark Templar x3  
  48  7:46  Probe  
  49  7:51  Protoss Shields Level 2 (Chrono Boost)  
  49  7:57  Probe  
  49  8:00  Stargate  
  49  8:02  Stargate  
  49  8:04  Stargate  
  50  8:07  Probe  
  51  8:18  Probe  
  50  8:28  Probe  
  47  9:15  Fleet Beacon  
  47  9:17  Pylon  
  47  9:19  Protoss Air Weapons Level 1 (Chrono Boost)  
  47  9:24  Pylon  
  47  9:28  Void Ray x3  
  59  9:38  Pylon  
  59  9:41  Pylon  
  59  9:45  Pylon  
  59  9:49  Pylon  
  59  9:53  Pylon  
  58  10:02  Dark Templar  
  58  10:03  Dark Templar  
  58  10:04  Dark Templar  
  63  10:31  Tempest x2  
  63  10:35  Photon Cannon  
  71  10:45  Photon Cannon  
  71  10:51  Photon Cannon  
  71  10:56  Nexus  
  71  11:02  Photon Cannon  
  68  11:29  Dark Templar  
  68  11:30  Dark Templar x2  
  66  11:53  Tempest  
  66  11:54  Tempest x2  
  78  12:06  Pylon  
  77  12:17  Dark Templar  
  77  12:18  Dark Templar  
  61  13:41  Nexus  
  57  14:01  Dark Templar  
  57  14:02  Dark Templar x2  
  57  14:53  Nexus  
  57  14:58  Pylon  
  57  15:00  Pylon  
  57  15:06  Tempest x2  
  57  15:07  Tempest  
  69  15:29  Nexus  
  69  15:37  Protoss Air Weapons Level 2 (Chrono Boost), Pylon  
  69  15:44  Assimilator  
  69  15:59  Assimilator  
  69  16:03  Tempest x2  
  77  16:23  Tempest  
  81  16:42  Probe  
  82  16:49  Pylon  
  82  16:51  Pylon  
  82  16:52  Probe, Pylon  
  82  16:54  Pylon  
  82  16:55  Pylon  
  82  16:57  Pylon  
  82  16:59  Pylon  
  82  17:00  Pylon  
  83  17:02  Pylon  
  83  17:03  Probe  
  83  17:04  Protoss Shields Level 3  
  83  17:05  Pylon  
  83  17:08  Pylon  
  84  17:10  Pylon  
  84  17:13  Probe, Pylon  
  85  17:24  Probe  
  85  17:27  Tempest  
  84  18:29  Tempest  
  84  18:30  Tempest x2  
  68  21:21  Pylon  
  68  21:40  Dark Templar x3  
  74  21:53  Nexus  
  67  22:58  Dark Templar  
  67  22:59  Dark Templar x2  
Show
View Real Time Build Order
Export as new Build Order

Miltreta Terran 

Build Orders:  

Get SALT Encoding   

  12  0:00  SCV  
  13  0:12  SCV  
  14  0:19  Supply Depot  
  14  0:25  SCV  
  15  0:39  Refinery  
  15  0:42  Barracks  
  15  0:45  SCV  
  16  0:58  SCV  
  17  1:10  SCV  
  18  1:21  Supply Depot  
  18  1:24  SCV  
  19  1:37  Reaper  
  19  2:00  SCV  
  20  2:02  Refinery  
  20  2:08  Factory  
  20  2:19  Barracks Tech Lab  
  20  2:20  Orbital Command  
  20  2:40  Barracks  
  20  2:42  Barracks  
  20  2:45  Engineering Bay  
  20  2:46  SCV  
  20  2:59  SCV  
  20  3:04  Marauder  
  20  3:05  Concussive Shells  
  23  3:11  Factory Reactor  
  23  3:15  Terran Infantry Weapons Level 1  
  23  3:19  SCV  
  24  3:27  Marauder  
  24  3:32  Barracks Tech Lab  
  26  3:34  Barracks Reactor  
  26  3:44  SCV  
  27  3:51  Supply Depot  
  27  4:01  SCV  
  28  4:03  Marauder  
  28  4:06  Command Center  
  30  4:17  Hellion x2  
  36  4:24  Marauder  
  36  4:26  Marauder  
  38  4:39  Supply Depot  
  38  4:59  Marine  
  39  5:00  Marine  
  39  5:01  Marauder x2  
  44  5:12  Supply Depot  
  44  5:14  Supply Depot  
  40  5:25  Hellion x2  
  44  5:32  Starport  
  44  5:34  SCV  
  45  5:46  SCV  
  45  5:49  Orbital Command  
  46  5:57  Missile Turret  
  46  6:02  Marine x2  
  48  6:04  Marauder x2  
  52  6:15  Starport Tech Lab  
  52  6:17  Missile Turret  
  52  6:21  Refinery  
  44  7:28  Marine x2  
  48  7:30  Marauder x2  
  50  7:43  Missile Turret  
  50  7:51  Starport  
  50  8:00  Barracks  
  50  8:01  Barracks  
  50  8:05  Marine x2  
  52  8:06  Barracks, Marauder x2  
  52  8:07  Hellion  
  52  8:08  Hellion  
  60  8:22  Sensor Tower  
  60  8:54  Raven  
  57  9:09  Supply Depot  
  57  9:15  Marine x2  
  57  9:16  Marauder  
  57  9:17  Missile Turret, Marauder  
  65  9:24  Hellion x2  
  67  9:44  Missile Turret  
  67  9:49  Hellion  
  67  9:50  Hellion  
  67  9:52  Marine x2  
  73  9:53  Marauder x2  
  75  10:18  Raven  
  75  10:40  Marine x3  
  78  10:51  Supply Depot  
  78  10:52  Supply Depot  
  78  10:56  Supply Depot  
  78  11:03  Missile Turret  
  78  11:04  Missile Turret  
  78  11:07  Hellion  
  78  11:08  Hellion, Marine  
  66  11:35  Marauder x2  
  66  11:36  Marine x2  
  63  11:46  Hellion x2  
  67  11:53  Marine  
  68  11:55  Marine  
  68  11:56  Marine  
  68  11:57  Raven  
  62  12:35  Widow Mine x2  
  66  12:42  Viking  
  65  13:08  Marine x3  
  65  13:12  Viking  
  70  13:17  Starport  
  68  13:33  SCV  
  67  13:53  Marine x2  
  67  13:54  Marauder x2  
  58  14:18  Marine x3  
  58  14:20  Viking  
  58  14:23  Starport Reactor  
  43  14:48  Marine x2  
  33  15:14  Viking  
  35  15:17  Marine  
  35  15:18  Marine  
  35  15:20  Marauder  
  35  15:21  Marauder  
  41  15:26  Viking  
  43  15:47  Barracks Reactor  
  43  15:51  Barracks Reactor  
  43  15:52  Viking  
  43  15:53  Viking  
  47  16:00  Marine  
  47  16:01  Marine x2  
  47  16:02  Marine x2  
  52  16:08  Viking  
  54  16:13  Terran Infantry Armor Level 1  
  54  16:16  Stimpack  
  54  16:22  Barracks Reactor  
  54  16:23  Raven  
  54  16:24  Marine x3  
  54  16:25  Marine  
  60  16:53  Orbital Command  
  60  17:02  Marine x2  
  60  17:03  Marine x4  
  60  17:04  Marine x2  
  60  17:05  Marine x2  
  60  17:07  Viking  
  58  17:55  Marine x3  
  58  17:56  Marine x4  
  52  18:16  Combat Shields  
  52  18:19  Viking x2  
  51  18:52  Viking x2  
  51  18:53  Viking  
  48  19:18  Marine x7  
  48  19:19  Marine x3  
  35  19:58  Marine x3  
  35  19:59  Marine x2  
  40  20:00  Viking x2  
  40  20:05  Viking  
  46  20:13  Marine  
  46  20:14  Marine  
  47  20:35  SCV  
  48  20:47  SCV  
  47  20:56  Viking x3  
  45  21:26  Viking x2  
  49  21:41  Viking  
Tags
 
Add a new tag
Caveats
  • Supply blocks, unpowered buildings, or Contaminate may cause inaccurate times.
  • Supply counts are checked every 10 seconds.